SAA
PHOENIX HOTSPUR YOUTH @ IRVING BLUE SOX
07/11/2025
 
TOP OF THE 1ST
Phoenix Hotspur Youth batting - Pitching for Irving Blue Sox : RHP Jim Unknown
Pitching: RHP Jim Unknown
Batting: LHB Derek Blair 0-0: Called Strike
0-1: Fly out, F8 (Flyball, 8LD)
Batting: LHB Richard Alpert 0-0: Ball
1-0: Ball
2-0: Foul Ball, location: 2F
2-1: Foul Ball, location: 2F
2-2: Ground out U3 (Groundball, 3)
Batting: LHB Luis Díaz 0-0: Swinging Strike
0-1: Ground out 4-3 (Groundball, 4)
Top of the 1st over - 0 run(s), 0 hit(s), 0 error(s), 0 left on base; Phoenix Hotspur 0 - Irving 0
BOTTOM OF THE 1ST
Irving Blue Sox batting - Pitching for Phoenix Hotspur Youth : RHP Dylan Guérin
Pitching: RHP Dylan Guérin
Batting: RHB Bryan Clifton 0-0: Ball
1-0: Ball
2-0: Ball
3-0: Called Strike
3-1: Fly out, F8 (Line Drive, 8RD)
Batting: RHB Jim Unknown 0-0: Foul Ball, location: 2F
0-1: Ball
1-1: Ground out 6-3 (Groundball, 6)
Batting: LHB John Meléndez 0-0: Ball
1-0: Foul Ball, location: 2F
1-1: Foul Ball, location: 2F
1-2: Ground out 4-3 (Groundball, 4)
Bottom of the 1st over - 0 run(s), 0 hit(s), 0 error(s), 0 left on base; Phoenix Hotspur 0 - Irving 0
TOP OF THE 2ND
Phoenix Hotspur Youth batting - Pitching for Irving Blue Sox : RHP Jim Unknown
Batting: LHB Ricardo Peña 0-0: Foul Ball, location: 2F
0-1: Ground out 4-3 (Groundball, 34)
Batting: RHB Pepe Reyes 0-0: Hit by Pitch
Batting: RHB Ed Sharp 0-0: Called Strike
0-1: SINGLE (Line Drive, 8RS)
Pepe Reyes to second
Batting: RHB Ben Anderson 0-0: Ball
1-0: SINGLE (Line Drive, 7LS)
Pepe Reyes to third
Ed Sharp to second
Batting: RHB Carl Tucker 0-0: Called Strike
0-1: Fly out, F9 (Flyball, 9LMF)
Runner from 3rd tags up, SCORES, no throw
Batting: RHB Billy Strauss 0-0: Ball
1-0: Fielders Choice at 2nd, 6-4 (Groundball, 6)
Top of the 2nd over - 1 run(s), 2 hit(s), 0 error(s), 1 left on base; Phoenix Hotspur 1 - Irving 0
BOTTOM OF THE 2ND
Irving Blue Sox batting - Pitching for Phoenix Hotspur Youth : RHP Dylan Guérin
Batting: RHB Justin Bingham 0-0: Called Strike
0-1: Foul Ball, location: 2F
0-2: Foul Ball, location: 2F
0-2: Ball
1-2: Ball
2-2: Ball
3-2: Ground out 6-3 (Groundball, 6S)
Batting: RHB Noah Smith 0-0: Ball
1-0: Ball
2-0: Foul Ball, location: 2F
2-1: Called Strike
2-2: Ball
3-2: Foul Ball, location: 2F
3-2: Foul Ball, location: 2F
3-2: Base on Balls
Batting: SHB Tom Palmer 0-0: Ball
1-0: Called Strike
1-1: Fly out, F6 (Line Drive, 6)
Batting: RHB Chi-hyeong Ho 0-0: Ball
Noah Smith steals 2nd base
1-0: Ball
2-0: Ground out 6-3 (Groundball, 56)
Bottom of the 2nd over - 0 run(s), 0 hit(s), 0 error(s), 1 left on base; Phoenix Hotspur 1 - Irving 0
TOP OF THE 3RD
Phoenix Hotspur Youth batting - Pitching for Irving Blue Sox : RHP Jim Unknown
Batting: LHB Derek Blair 0-0: Ball
1-0: Called Strike
1-1: Ball
2-1: Swinging Strike
2-2: Fly out, F8 (Flyball, 8LS)
Batting: LHB Richard Alpert 0-0: Called Strike
0-1: Ball
1-1: Swinging Strike
1-2: Strikes out swinging
Batting: LHB Luis Díaz 0-0: Foul Ball, location: 2F
0-1: Ball
1-1: Foul Ball, location: 2F
1-2: Strikes out swinging
Top of the 3rd over - 0 run(s), 0 hit(s), 0 error(s), 0 left on base; Phoenix Hotspur 1 - Irving 0
BOTTOM OF THE 3RD
Irving Blue Sox batting - Pitching for Phoenix Hotspur Youth : RHP Dylan Guérin
Batting: RHB Jim Unknown 0-0: Fly out, F9 (Flyball, 9S)
Batting: SHB John Clayton 0-0: Ground out 3-1 (Groundball, 34S)
Batting: RHB Bryan Clifton 0-0: Ball
1-0: Ground out 6-3 (Groundball, 6)
Bottom of the 3rd over - 0 run(s), 0 hit(s), 0 error(s), 0 left on base; Phoenix Hotspur 1 - Irving 0
TOP OF THE 4TH
Phoenix Hotspur Youth batting - Pitching for Irving Blue Sox : RHP Jim Unknown
Batting: LHB Ricardo Peña 0-0: Ball
1-0: DOUBLE (Flyball, 78D)
Batting: RHB Pepe Reyes 0-0: Ball
1-0: Ball
2-0: Called Strike
2-1: Ball
3-1: Called Strike
3-2: SINGLE (Groundball, 4MD)
Ricardo Peña to third
Runner from 3rd tries for Home, throw and OUT!
Pepe Reyes to second
Batting: RHB Ed Sharp 0-0: Called Strike
0-1: Ball
1-1: Ball
2-1: Foul Ball, location: 2F
2-2: Strikes out looking
Batting: RHB Ben Anderson 0-0: DOUBLE (Flyball, 89M)
Pepe Reyes scores
Batting: RHB Carl Tucker 0-0: Ground out 6-3 (Groundball, 6)
Top of the 4th over - 1 run(s), 3 hit(s), 0 error(s), 1 left on base; Phoenix Hotspur 2 - Irving 0
BOTTOM OF THE 4TH
Irving Blue Sox batting - Pitching for Phoenix Hotspur Youth : RHP Dylan Guérin
Batting: RHB Jim Unknown 0-0: Ball
1-0: Ground out 1-3 (Groundball, 15)
Batting: LHB John Meléndez 0-0: Swinging Strike
0-1: Foul Ball, location: 2F
0-2: Ground out 4-3 (Groundball, 4S)
Batting: RHB Justin Bingham 0-0: Ball
1-0: Foul Ball, location: 2F
1-1: Swinging Strike
1-2: Foul Ball, location: 2F
1-2: Ground out 4-3 (Groundball, 4)
Bottom of the 4th over - 0 run(s), 0 hit(s), 0 error(s), 0 left on base; Phoenix Hotspur 2 - Irving 0
TOP OF THE 5TH
Phoenix Hotspur Youth batting - Pitching for Irving Blue Sox : RHP Jim Unknown
Batting: RHB Billy Strauss 0-0: Called Strike
0-1: Swinging Strike
0-2: Ball
1-2: Fly out, F8 (Flyball, 8RS)
Batting: LHB Derek Blair 0-0: Called Strike
0-1: Swinging Strike
0-2: Ground out 5-3 (Groundball, 56S)
Batting: LHB Richard Alpert 0-0: Ball
1-0: Ball
2-0: Called Strike
2-1: Fly out, F7 (Flyball, 78M)
Top of the 5th over - 0 run(s), 0 hit(s), 0 error(s), 0 left on base; Phoenix Hotspur 2 - Irving 0
BOTTOM OF THE 5TH
Irving Blue Sox batting - Pitching for Phoenix Hotspur Youth : RHP Dylan Guérin
Batting: RHB Noah Smith 0-0: Swinging Strike
0-1: Ball
1-1: Swinging Strike
1-2: Foul Ball, location: 2F
1-2: Ball
2-2: Foul Ball, location: 2F
2-2: Foul Ball, location: 2F
2-2: Strikes out swinging
Batting: SHB Tom Palmer 0-0: Ball
1-0: Ball
2-0: SINGLE (Flyball, 7LM)
Batting: RHB Chi-hyeong Ho 0-0: Grounds into double play, 6-4-3 (Groundball, 6)
Bottom of the 5th over - 0 run(s), 1 hit(s), 0 error(s), 0 left on base; Phoenix Hotspur 2 - Irving 0
TOP OF THE 6TH
Phoenix Hotspur Youth batting - Pitching for Irving Blue Sox : RHP Jim Unknown
Batting: LHB Luis Díaz 0-0: Ball
1-0: SINGLE (Line Drive, 7S)
Batting: LHB Ricardo Peña 0-0: Fly out, F8 (Flyball, 8RM)
Batting: RHB Pepe Reyes 0-0: Called Strike
0-1: Ball
1-1: Swinging Strike
1-2: Ball
2-2: Ball
3-2: Strikes out looking
Batting: RHB Ed Sharp 0-0: Foul Ball, location: 2F
0-1: Fielders Choice at 2nd, 4-6 (Groundball, 4)
Top of the 6th over - 0 run(s), 1 hit(s), 0 error(s), 0 left on base; Phoenix Hotspur 2 - Irving 0
BOTTOM OF THE 6TH
Irving Blue Sox batting - Pitching for Phoenix Hotspur Youth : RHP Dylan Guérin
Batting: RHB Jim Unknown 0-0: Ball
1-0: Called Strike
1-1: TRIPLE (Line Drive, 7LS)
Batting: SHB John Clayton 0-0: Called Strike
0-1: Ball
1-1: Foul Ball, location: 2F
1-2: Ball
2-2: Ball
3-2: Strikes out swinging
Batting: RHB Bryan Clifton 0-0: DOUBLE (Groundball, 5L)
Jim Unknown scores
Batting: RHB Jim Unknown 0-0: Foul Ball, location: 2F
0-1: Ball
1-1: Fly out, F7 (Flyball, 78D)
Batting: LHB John Meléndez 0-0: Called Strike
0-1: Foul Ball, location: 2F
0-2: Ball
1-2: Foul Ball, location: 2F
1-2: DOUBLE (Line Drive, 8RM)
Bryan Clifton scores
Batting: RHB Justin Bingham 0-0: Swinging Strike
0-1: Ball
1-1: Swinging Strike
1-2: SINGLE (Flyball, 9LS)
John Meléndez to third
Runner from 3rd tries for Home, SAFE, no throw
Pinch Runner at 1st Carlos Ramírez:
Batting: RHB Noah Smith 0-0: Called Strike
Carlos Ramírez steals 2nd base
0-1: Ball
1-1: Foul Ball, location: 2F
1-2: Ball
2-2: TRIPLE (Line Drive, 8RXD)
Carlos Ramírez scores
Batting: SHB Tom Palmer 0-0: Foul Ball, location: 2F
0-1: Called Strike
0-2: Ball
1-2: Ball
2-2: SINGLE (Groundball, 4D)
Noah Smith scores
Batting: RHB Chi-hyeong Ho 0-0: Called Strike
0-1: Called Strike
0-2: Ball
Tom Palmer steals 2nd base
1-2: SINGLE (Flyball, 89S)
Tom Palmer to third
Runner from 3rd tries for Home, SAFE, no throw
Pitching: LHP Raúl Gonzáles
Batting: RHB Jim Unknown 0-0: Called Strike
0-1: Called Strike
0-2: 2-RUN HOME RUN (Flyball, 78XD), Distance : 441 ft
Batting: SHB John Clayton 0-0: Called Strike
0-1: Swinging Strike
0-2: Ball
1-2: Strikes out swinging
Bottom of the 6th over - 8 run(s), 8 hit(s), 0 error(s), 0 left on base; Phoenix Hotspur 2 - Irving 8
TOP OF THE 7TH
Phoenix Hotspur Youth batting - Pitching for Irving Blue Sox : RHP Jim Unknown
Now at 3B: Carlos Ramírez
Batting: RHB Ben Anderson 0-0: Called Strike
0-1: Foul Ball, location: 2F
0-2: Ball
1-2: Ball
2-2: Strikes out swinging
Batting: RHB Carl Tucker 0-0: Ball
1-0: Foul Ball, location: 2F
1-1: Called Strike
1-2: Strikes out swinging
Batting: RHB Billy Strauss 0-0: Ground out 4-3 (Groundball, 4)
Top of the 7th over - 0 run(s), 0 hit(s), 0 error(s), 0 left on base; Phoenix Hotspur 2 - Irving 8
BOTTOM OF THE 7TH
Irving Blue Sox batting - Pitching for Phoenix Hotspur Youth : LHP Raúl Gonzáles
Batting: RHB Bryan Clifton 0-0: Called Strike
0-1: Ground out 5-3 (Groundball, 56S)
Batting: RHB Jim Unknown 0-0: Called Strike
0-1: Ball
1-1: Ball
2-1: Foul Ball, location: 2F
2-2: Strikes out swinging
Batting: LHB John Meléndez 0-0: Ball
1-0: SOLO HOME RUN (Flyball, 89XD), Distance : 436 ft
Batting: RHB Carlos Ramírez 0-0: Ball
1-0: Called Strike
1-1: Ball
2-1: Called Strike
2-2: Foul Ball, location: 2F
2-2: Ball
3-2: Base on Balls
Batting: RHB Noah Smith 0-0: Called Strike
0-1: Called Strike
0-2: Foul Ball, location: 2F
0-2: Ball
1-2: TRIPLE (Flyball, 89XD)
Carlos Ramírez scores
Batting: SHB Tom Palmer 0-0: Swinging Strike
0-1: Ball
1-1: Fly out, F8 (Flyball, 8LM)
Bottom of the 7th over - 2 run(s), 2 hit(s), 0 error(s), 1 left on base; Phoenix Hotspur 2 - Irving 10
TOP OF THE 8TH
Phoenix Hotspur Youth batting - Pitching for Irving Blue Sox : RHP Jim Unknown
Batting: LHB Derek Blair 0-0: Ball
1-0: Foul Ball, location: 2F
1-1: Foul Ball, location: 2F
1-2: Ball
2-2: Ground out 4-3 (Groundball, 4)
Batting: LHB Richard Alpert 0-0: Ball
1-0: SINGLE (Groundball, 34) (infield hit)
Batting: LHB Luis Díaz 0-0: Swinging Strike
0-1: Ball
1-1: Ball
2-1: Foul Ball, location: 2F
2-2: Foul Ball, location: 2F
2-2: Ball
3-2: TRIPLE (Flyball, 89D)
Richard Alpert scores
Batting: LHB Ricardo Peña 0-0: Called Strike
0-1: Ball
1-1: Fly out, F8 (Flyball, 8RM)
Runner from 3rd tags up, SCORES, throw made
Batting: RHB Pepe Reyes 0-0: Called Strike
0-1: Foul Ball, location: 2F
0-2: Strikes out swinging
Top of the 8th over - 2 run(s), 2 hit(s), 0 error(s), 0 left on base; Phoenix Hotspur 4 - Irving 10
BOTTOM OF THE 8TH
Irving Blue Sox batting - Pitching for Phoenix Hotspur Youth : LHP Raúl Gonzáles
Batting: RHB Chi-hyeong Ho 0-0: Ball
1-0: Ball
2-0: Ball
3-0: Called Strike
3-1: Foul Ball, location: 2F
3-2: Foul Ball, location: 2F
3-2: Ground out 5-3 (Groundball, 5)
Batting: RHB Jim Unknown 0-0: Called Strike
0-1: Ball
1-1: Foul Ball, location: 2F
1-2: Strikes out swinging
Batting: SHB John Clayton 0-0: Swinging Strike
0-1: Ball
1-1: Ball
2-1: Called Strike
2-2: Strikes out swinging
Bottom of the 8th over - 0 run(s), 0 hit(s), 0 error(s), 0 left on base; Phoenix Hotspur 4 - Irving 10
TOP OF THE 9TH
Phoenix Hotspur Youth batting - Pitching for Irving Blue Sox : RHP Jim Unknown
Batting: RHB Ed Sharp 0-0: Called Strike
0-1: Fly out, F9 (Flyball, 89S)
Batting: RHB Ben Anderson 0-0: Ball
1-0: Swinging Strike
1-1: Ball
2-1: Fly out, F9 (Flyball, 89S)
Batting: RHB Carl Tucker 0-0: Ground out 4-3 (Groundball, 4)
Top of the 9th over - 0 run(s), 0 hit(s), 0 error(s), 0 left on base; Phoenix Hotspur 4 - Irving 10
Friday, December 30th, 2016 - OOTP Baseball 17.12 Build 75